 Dungeon Crawl Stone Soup version 0.17-a0-1945-gfe993df (webtiles) character file.

252 achirane the Grave Robber (level 6, -2/28 HPs)
             Began as a Vine Stalker Necromancer on Sept 30, 2015.
             Killed from afar by an orc wizard (3 damage)
             ... with a magic dart
             ... on level 4 of the Dungeon.
             The game lasted 00:22:24 (1732 turns).

achirane the Grave Robber (VSNe)                    Turns: 1732, Time: 00:22:24

Health: -2/28      AC:  8    Str: 10    XL:     6   Next: 13%
Magic:  0/10       EV: 12    Int: 15    God:
Gold:   96         SH:  0    Dex: 17    Spells: 3 memorised, 1 level left

rFire  . . .     SeeInvis .     t - +0 dagger (protect)
rCold  . . .     Clarity  .     a - +0 robe
rNeg   . . .     SustAt   .     (no shield)
rPois  +         Gourm    .     (no helmet)
rElec  .         Spirit   +     i - +0 cloak
rCorr  .         Warding  .     (no gloves)
rMut   .         Stasis   .     (no boots)
MR     +....                    (no amulet)
Stlth  ++........               j - ring of protection from magic {MR+, !d}
                                d - ring of poison resistance {rPois, !d}

@: very slightly contaminated, somewhat resistant to hostile enchantments,
unstealthy
A: fangs 2, regeneration 2, magic shield, antimagic bite, no device heal 3, rot
immunity
a: no special abilities


You were on level 4 of the Dungeon.
You were not hungry.

You visited 1 branch of the dungeon, and saw 4 of its levels.

You collected 96 gold pieces.

Inventory:

Hand weapons
 p - a +0 spear
   (You found it on level 2 of the Dungeon)
 q - a +0 flail of crushing
   (You took it off a gnoll on level 3 of the Dungeon)
 s - a +0 dagger
   (You took it off an orc on level 3 of the Dungeon)
 t - a +0 dagger of protection (weapon)
   (You took it off a goblin on level 2 of the Dungeon)
Missiles
 m - 37 poisoned needles
Armour
 a - a +0 robe (worn)
 i - a +0 cloak (worn)
   (You found it on level 1 of the Dungeon)
Jewellery
 d - a ring of poison resistance (left hand) {rPois, !d}
   (You found it on level 1 of the Dungeon)
 j - a ring of protection from magic (right hand) {MR+, !d}
   (You found it on level 2 of the Dungeon)
 k - an uncursed amulet of faith {Faith, !P}
   (You found it on level 1 of the Dungeon)
Scrolls
 f - 2 scrolls of enchant weapon {unknown}
 h - 4 scrolls of teleportation
 l - 2 scrolls of identify {unknown}
 n - 2 scrolls of amnesia {unknown}
 o - a scroll of recharging {unknown}
Potions
 e - 2 potions of curing
 g - a potion of flight {unknown}
Books
 b - a book of Necromancy
Comestibles
 c - 3 bread rations {@e1}
 r - a meat ration {@e2}
 u - 3 chunks of flesh {@w0}


   Skills:
 - Level 1.5 Dodging
 - Level 2.4 Stealth
 - Level 2.1 Spellcasting
 + Level 7.2 Necromancy


You had one spell level left.
You knew the following spells:

 Your Spells              Type           Power        Failure   Level  Hunger
a - Pain                  Necr           ###.         1%          1    #......
r - Regeneration          Chrm/Necr      ##........   17%         3    ###....
A - Animate Dead          Necr           N/A          14%         4    #####..


Dungeon Overview and Level Annotations

Branches:
Dungeon (4/15)
 Temple: D:4-7

Altars:
The Shining One


Innate Abilities, Weirdness & Mutations

You have extremely sharp teeth.
You heal very quickly.
When hurt, damage is shared between your health and your magic reserves.
Your bite disrupts and absorbs the magic of your enemies.
Potions and wands cannot restore your health.
You are immune to rotting.


Message History

You hit the orc priest but do no damage.
The orc priest is severely wounded.
The orc wizard barely misses you. The orc priest misses you.
The orc wizard closely misses you.
The orc wizard gestures wildly while chanting.
The orc wizard seems to speed up.
The orc barely misses you.
You hear a shout!
You hit the orc priest.
You bite the orc priest, but do no damage.
The orc priest is severely wounded.
The orc wizard hits you but does no damage.
The orc priest hits you but does no damage.
The orc misses you.
You hit the orc priest.
You bite the orc priest, but do no damage.
The orc priest is almost dead.
The orc wizard hits you with a dagger.
* * * LOW HITPOINT WARNING * * *
The orc priest hits you.
* * * LOW HITPOINT WARNING * * *
The orc wizard hits you with a dagger.
* * * LOW HITPOINT WARNING * * *
The orc hits you but does no damage.
You take 5 damage, and have 1/24 hp.
MASSIVE DAMAGE!!
You now have 0/9 mp.
Read which item? (? for menu, Esc to quit)
Okay, then.
Drink which item? (? for menu, Esc to quit)
It was a potion of curing.
You feel better.
The orc wizard hits you but does no damage.
The orc priest looks braver for a moment.
The orc closely misses you.
Drink which item? (? for menu, Esc to quit)
You have no ailments to cure.
You hit the orc priest.
You bite the orc priest, but do no damage.
The orc priest is almost dead.
The orc wizard closely misses you.
The orc priest hits you but does no damage.
The orc wizard misses you. The orc barely misses you.
You hit the orc priest but do no damage.
You bite the orc priest. You drain its power.
You feel invigorated.
You kill the orc priest!
You have reached level 6!
Your experience leads to an increase in your attributes!
Increase (S)trength, (I)ntelligence, or (D)exterity?
You feel agile.
You begin to heal more quickly.
The orc wizard barely misses you. The orc hits you but does no damage.
You hit the orc. You bite the orc. You drain its power.
You feel invigorated.
The orc is moderately wounded.
The orc wizard barely misses you. The orc wizard hits you with a dagger.
* * * LOW HITPOINT WARNING * * *
The orc hits you. The orc wizard barely misses you.
You take 1 damage, and have 1/28 hp.
You closely miss the orc.
The orc is moderately wounded.
The orc wizard barely misses you.
The orc wizard hits you but does no damage.
The orc hits you but does no damage.
You hit the orc.
The orc is heavily wounded.
The orc wizard misses you.
The orc wizard hits you but does no damage.
The orc wizard hits you with a dagger.
The orc wizard points at you and mumbles some strange words.
The magic dart hits you!
* * * LOW HITPOINT WARNING * * *
The orc closely misses you.
You take 1 damage, and have 1/28 hp.
You now have 0/10 mp.
You barely miss the orc. You bite the orc. You drain its power.
You feel invigorated.
The orc is severely wounded.
The orc wizard hits you but does no damage.
The orc wizard misses you. The orc barely misses you.
You regained 5 mp, and now have 5/10 mp.
Casting: Pain
Confirm with . or Enter, or press ? or * to list all spells.
You miscast Regeneration.
You are very lightly contaminated with residual magic.
Nothing appears to happen.
The orc wizard closely misses you. The orc wizard closely misses you.
The orc wizard hits you but does no damage.
The orc wizard hits you with a dagger.
* * * LOW HITPOINT WARNING * * *
The orc misses you.
You take 1 damage, and have 1/28 hp.
You now have 1/10 mp.
You hit the orc but do no damage. You bite the orc. You drain its power.
You feel invigorated.
You kill the orc!
The orc wizard hits you with a dagger.
* * * LOW HITPOINT WARNING * * *
The orc wizard barely misses you.
You hit the orc wizard.
The orc wizard is lightly wounded.
The orc wizard hits you but does no damage.
The orc wizard barely misses you.
The orc wizard hits you but does no damage.
The orc wizard points at you and mumbles some strange words.
The magic dart hits you!
You die...

#.........#
#......).<#
#.........#
#.........#
#.........#
########.........#
.................#
####.oo(.......#
##.#@........#
#..###########
##o## #.$#
ooo..o..#
...###.## . .. #.#
#.


You could see 2 orc wizards.

Vanquished Creatures
  A gnoll shaman (D:4)
  An orc priest (D:4)
  8 gnolls (D:3)
  5 adders
  3 oozes
  A worm (D:3)
  A giant gecko (D:1)
  6 orcs
  4 goblins
  5 hobgoblins
  4 jackals (D:2)
  3 quokkas
  A ball python (D:3)
  4 bats
  A giant cockroach (D:1)
  5 giant newts
  4 kobolds
  2 rats
59 creatures vanquished.

Notes
Turn   | Place    | Note
--------------------------------------------------------------
     0 | D:1      | achirane the Vine Stalker Necromancer began the quest for the Orb.
     0 | D:1      | Reached XP level 1. HP: 9/9 MP: 4/4
   263 | D:1      | Reached XP level 2. HP: 13/13 MP: 6/6
   530 | D:2      | Reached XP level 3. HP: 13/16 MP: 3/7
   535 | D:2      | Learned a level 3 spell: Regeneration
   555 | D:2      | HP: 3/16 [adder (3)]
   557 | D:2      | Reached skill level 5 in Necromancy
   558 | D:2      | HP: 1/16 [poisoned by an adder]
   565 | D:2      | HP: 1/16 [poisoned by an adder]
   573 | D:2      | HP: 1/16 [poisoned by an adder]
   727 | D:2      | Reached XP level 4. HP: 13/21 MP: 6/8
   834 | D:3      | HP: 5/21 [gnoll/flail of crushing (4)]
  1088 | D:2      | Reached skill level 6 in Necromancy
  1212 | D:3      | Reached XP level 5. HP: 21/24 MP: 3/9
  1288 | D:3      | Learned a level 4 spell: Animate Dead
  1500 | D:3      | Found a glowing golden altar of the Shining One.
  1687 | D:4      | Reached skill level 7 in Necromancy
  1718 | D:4      | HP: 6/24 [orc priest (2)]
  1722 | D:4      | HP: 2/24 [orc priest (1)]
  1725 | D:4      | Gained mutation: You heal very quickly. [Vine Stalker growth]
  1725 | D:4      | Reached XP level 6. HP: 1/28 MP: 2/10
  1728 | D:4      | HP: 1/28 [orc wizard/magic dart (1)]
  1732 | D:4      | Killed from afar by an orc wizard

Vault maps used:
D:1:      scummos_arrival_star, minmay_lizard_king
D:2:      uniq_iyjb, uniq_natasha
D:3:      nicolae_overflow_hidden_temple, grunt_ministairs_2
D:4:      lemuel_crystal_altar, kennysheep_little_box, temple_green,
          serial_bayou, serial_bayou_pond_c, serial_bayou_pond_d,
          serial_bayou_pond_e, serial_bayou_lagoon_a, uniq_grinder, uniq_sigmund

Action                   |  1- 3 |  4- 6 || total
-------------------------+-------+-------++-------
Melee: Unarmed           |     6 |       ||     6
       Club              |    38 |       ||    38
       Spear             |     5 |    15 ||    20
       Flail             |       |    30 ||    30
       Dagger            |       |    69 ||    69
 Cast: Pain              |    25 |    52 ||    77
       Regeneration      |     2 |     1 ||     3
       Animate Dead      |       |     1 ||     1
  Use: Scroll            |     1 |       ||     1
       Potion            |       |     1 ||     1
 Stab: Sleeping          |     4 |     3 ||     7
  Eat: Chunk             |       |     5 ||     5

Vault maps used:
D:1:      scummos_arrival_star, minmay_lizard_king
D:2:      uniq_iyjb, uniq_natasha
D:3:      nicolae_overflow_hidden_temple, grunt_ministairs_2
D:4:      lemuel_crystal_altar, kennysheep_little_box, temple_green,
          serial_bayou, serial_bayou_pond_c, serial_bayou_pond_d,
          serial_bayou_pond_e, serial_bayou_lagoon_a, uniq_grinder, uniq_sigmund

Table legend:
 A = Turns spent in this place as a percentage of turns spent in the entire game.
 B = Non-inter-level travel turns spent in this place as a percentage of non-inter-level travel turns spent in the entire game.
 C = Inter-level travel turns spent in this place as a percentage of turns spent in this place.
 D = Turns resting spent in this place as a percentage of non-inter-level travel turns spent in this place.
 E = Turns spent auto-exploring this place as a percentage of non-inter-level travel turns spent in this place.
 F = Non-inter-level travel turns spent in this place divided by the number of levels of this place that you've seen.
                   A       B       C       D       E      F
               +-------+-------+-------+-------+-------+----------------------
         Total | 100.0 | 100.0 |   0.3 |   0.0 |   1.6 | 323.8
       Dungeon | 100.0 | 100.0 |   0.3 |   0.0 |   1.6 | 323.8
               +-------+-------+-------+-------+-------+----------------------

Table legend:
 A = Kills in this place as a percentage of kills in entire the game.
 B = Kills by you in this place as a percentage of kills by you in the entire game.
 C = Kills by friends in this place as a percentage of kills by friends in the entire game.
 D = Other kills in this place as a percentage of other kills in the entire game.
 E = Experience gained in this place as a percentage of experience gained in the entire game.
 F = Experience gained in this place divided by the number of levels of this place that you have seen.
                   A       B       C       D       E      F
               +-------+-------+-------+-------+-------+----------------------
         Total | 100.0 | 100.0 |  -nan |  -nan | 100.0 |  90.0
       Dungeon | 100.0 | 100.0 |  -nan |  -nan | 100.0 |  90.0
               +-------+-------+-------+-------+-------+----------------------
